 Dungeon Crawl Stone Soup version 0.28-a0-683-ga8797d1ae1 (webtiles) character file.

Game seed: 8530747335972530895

27 shoop the Chucker (level 3, 0/39 HPs)
             Began as an Ogre Hunter on Oct 18, 2021.
             Slain by an adder (4 damage)
             ... on level 2 of the Dungeon.
             The game lasted 00:01:43 (1088 turns).

shoop the Chucker (Ogre Hunter)                     Turns: 1088, Time: 00:01:44

Health: 0/39       AC:  3    Str: 17    XL:     3   Next: 10%
Magic:  3/3        EV:  9    Int: 12    God:
Gold:   66         SH:  0    Dex:  9    Spells: 2/2 levels left

rFire   . . .      SeeInvis .   e - +0 quarterstaff
rCold   . . .      Faith    .   (shield currently unavailable)
rNeg    . . .      Spirit   .   b - +0 robe
rPois   .          Reflect  .   (helmet restricted)
rElec   .          Harm     .   (no cloak)
rCorr   .          Rampage  .   (gloves unavailable)
Will    .....                   (boots unavailable)
Stlth   +.........              (no amulet)
HPRegen 0.13/turn               (no ring)
MPRegen 0.08/turn               (no ring)

@: attractive, flying
A: large, unfitting armour, tough skin 1
a: no special abilities


You were on level 2 of the Dungeon.
You visited 1 branch of the dungeon, and saw 2 of its levels.

You collected 66 gold pieces.

Inventory:

Hand Weapons
 a - a +0 short sword
 e - a +0 quarterstaff (weapon)
Missiles
 c - 4 large rocks
 d - 2 throwing nets
 l - 15 poisoned darts (quivered)
Armour
 b - a +0 robe (worn)
Scrolls
 i - a scroll of teleportation {unknown}
 j - a scroll of amnesia {unknown}
Potions
 h - a potion of flight
 k - a potion of berserk rage {unknown}


   Skills:
 + Level 4.0 Fighting
 * Level 4.3 Throwing
 - Level 1.7 Dodging
 - Level 0.6 Stealth


You had 2 spell levels left.
You didn't know any spells.
Your spell library contained the following spells:

 Spells                   Type           Power      Damage    Failure   Level
 Animate Skeleton         Necr           0%         N/A       32%         1
 Pain                     Necr           0%         1d4       32%         1
 Vampiric Draining        Necr           0%         2d6       69%         3


Dungeon Overview and Level Annotations

Branches:
Dungeon (2/15)

Altars:


Innate Abilities, Weirdness & Mutations

You are too large for most types of armour.
You have tough skin. (AC +1)


Message History

The adder poisons you!
You miss the adder.
The adder is lightly wounded.
You feel sick. The adder bites you.
You closely miss the adder.
The adder is lightly wounded.
You feel sick. The adder bites you. x2
You are too injured to fight recklessly!
You are too injured to fight recklessly!
You are too injured to fight recklessly!
You closely miss the adder.
The adder is lightly wounded.
You feel sick.
The adder bites you but does no damage. x2
You hit the adder.
The adder is severely wounded.
You feel sick.
You are no longer poisoned.
The adder bites you.
You are poisoned.
The adder poisons you! The adder bites you.
* * * LOW HITPOINT WARNING * * *
It was a potion of flight.
You feel very buoyant.
You fly up into the air.
You feel sick. The adder bites you.
* * * LOW HITPOINT WARNING * * *
You hit the adder but do no damage.
The adder is severely wounded.
You feel sick. The adder bites you.
* * * LOW HITPOINT WARNING * * *
The adder bites you but does no damage.
It was a potion of attraction.
You feel attractive to monsters.
* * * LOW HITPOINT WARNING * * *
You feel sick. The adder barely misses you.
It was a potion of curing.
You feel better. The adder bites you.
* * * LOW HITPOINT WARNING * * *
You closely miss the adder.
The adder is severely wounded.
The adder bites you.
You die...

#.......#
#.......#
#.......#
#.......#
####.####
#......#
#.##.#.#####.#
##.##.......>#
...?...@####.#
##..###S# #..
#.. #. #.(# ##
...# .(.( ##.#
.#


You could see an adder.

Vanquished Creatures
  A worm (D:2)
  2 ball pythons (D:1)
  2 bats (D:1)
  An endoplasm (D:1)
  2 giant cockroaches (D:1)
  A goblin (D:1)
  3 hobgoblins (D:1)
  2 quokkas (D:1)
  A frilled lizard (D:1)
  3 kobolds (D:1)
  4 rats (D:1)
22 creatures vanquished.

Notes
Turn   | Place    | Note
-------+----------+-------------------------------------------
     0 | D:1      | shoop the Ogre Hunter began the quest for the Orb.
     0 | D:1      | Reached XP level 1. HP: 22/22 MP: 1/1
   135 | D:1      | Found a faded altar of an unknown god.
   146 | D:1      | Reached XP level 2. HP: 26/31 MP: 2/2
   833 | D:1      | Reached XP level 3. HP: 39/39 MP: 3/3
  1088 | D:2      | Slain by an adder

Illustrated notes

Levels and vault maps discovered:
D:1:      saegor_arrival_simple_b, layout_loops_ring,
          ebering_ecumenical_altar_petrified
D:2:      layout_loops_cross, minmay_misc_feat_enclosed,
          kennysheep_generic_room_12, uniq_crazy_yiuf_cottage

Skill      XL: |  1  2 |
---------------+-------+-----
Fighting       | 3 4 |  4.0
Throwing       | |  4.3
Dodging        | |  1.7
Stealth        | |  0.6

Action                   || total
-------------------------++-------
Melee: Short sword       ||    17
       Quarterstaff      ||    62
Throw: Dart              ||     2
       Large rock        ||     1
  Use: Potion            ||     3
 Stab: Sleeping          ||     1
Armor: Robe              ||    33
Dodge: Dodged            ||    39

Table legend: (Time is in decaauts)
 A = Elapsed time spent in this place.
 B = Non-inter-level travel time spent in this place.
 C = Inter-level travel time spent in this place.
 D = Time resting spent in this place.
 E = Time spent auto-exploring this place.
 F = Levels seen in this place.
 G = Mean time per level.
                   A        B        C        D        E       F      G
               +--------+--------+--------+--------+--------+-----+--------+
         Total |   1107 |   1044 |     63 |      0 |    855 |   2 |  553.5 |
       Dungeon |   1107 |   1044 |     63 |      0 |    855 |   2 |  553.5 |
               +--------+--------+--------+--------+--------+-----+--------+

Top non-repeatable levels by time:
     D:1: 1035 daAuts
     D:2: 72 daAuts
